 Dungeon Crawl Stone Soup version 0.32-a0-329-ge6c31236d6 (webtiles) character file.

Game seed: 4407539335860731430

1557984 Ruich the Conqueror (level 25, 250/250 (257) HPs)
             Began as a Mountain Dwarf Fighter on Feb 16, 2024.
             Was a High Priest of Yredelemnul.
             Escaped with the Orb
             ... and 3 runes on Feb 18, 2024!
             The game lasted 05:50:03 (78615 turns).

Ruich the Conqueror (Mountain Dwarf Fighter)       Turns: 78615, Time: 05:50:04

HP:   250/250 (257) AC: 48    Str: 29    XL:     25   Next: 97%
MP:   31/31         EV: 11    Int: 11    God:    Yredelemnul [*****.]
Gold: 5484          SH: 27    Dex: 10    Spells: 13/24 levels left

rFire   + + .        L - +6 eveningstar (freeze)
rCold   + + +        e - +7 tower shield of Celenigeor {rF+ Will+}
rNeg    . . .        p - +10 plate armour of Valiance {Int-4 Dex+4}
rPois   +            s - +5 hat of Cowardice {rF+}
rElec   +            f - +4 dragonskin cloak
rCorr   .            c - +0 pair of gloves of the Hills {Will+ Stlth+}
SInv    +            K - +4 pair of boots of the Bulwark {Regen+ Str-5 SInv Stlth+}
Will    ++++.        a - amulet of the Black Skies {*Corrode rC++ Regen+ SInv}
Stlth   +            m - ring "Koerch" {rElec rC+ Int+6 SInv}
HPRegen 2.21/turn    b - ring of poison resistance
MPRegen 0.22/turn

%: corrode self (3%)
@: wreathed by umbra, studying 2 skills, lightly drained
A: runic magic, artefact enchanting, horns 1, clumsy 1, deterioration 1, low MP
1, strong 1, wild magic 1
0: Orb of Zot
}: 3/15 runes: barnacled, silver, gossamer
a: Renounce Religion, Light the Black Torch, Recall Undead Harvest, Hurl
Torchlight, Bind Soul, Fathomless Shackles


You escaped.
You worshipped Yredelemnul.
Yredelemnul was most pleased with you.
You visited 10 branches of the dungeon, and saw 48 of its levels.
You also visited: Trove, Ossuary and Gauntlet.

You collected 9331 gold pieces.
You spent 3847 gold pieces at shops.


Innate Abilities, Weirdness & Mutations

Your spellcasting is much less encumbered by armour.
You can use scrolls of enchantment on lesser artefacts.
You have a pair of small horns on your head.
You are clumsy. (Dex -2)
Your body sometimes deteriorates upon taking damage.
Your magical capacity is low. (-10% MP)
Your muscles are strong. (Str +4, Int/Dex -1)
Your spells are a little harder to cast, but a little more powerful.


   Skills:
 O Level 27 Fighting
 - Level 22.1 Maces & Flails
 - Level 13.2 Throwing
 + Level 21.4 Armour
 + Level 10.9 Dodging
 - Level 8.0 Stealth
 - Level 20.0 Shields
 - Level 7.0 Translocations
 - Level 16.7 Invocations
 - Level 10.0 Evocations


You had 13 spell levels left.
You knew the following spells:

 Your Spells              Type           Power      Damage    Failure   Level
g - Gell's Gravitas       Tloc           20%        N/A       19%         3
l - Lesser Beckoning      Tloc           40%        N/A       10%         2
u - Passage of Golubria   Tloc           20%        N/A       47%         4
B - Blink                 Tloc           40%        N/A       10%         2

Your spell library contained the following spells:

 Spells                   Type           Power      Damage    Failure   Level
 Teleport Other           Tloc           20%        N/A       19%         3
 Momentum Strike          Conj/Tloc      20%        3d8       34%         2
 Volatile Blastmotes      Fire/Tloc      20%        2d11      56%         3
 Foxfire                  Conj/Fire      0%         2x1d4     67%         1
 Freeze                   Ice            0%         1d3       67%         1
 Kiss of Death            Conj/Necr      0%         2d5       67%         1
 Sandblast                Erth           0%         2d4       67%         1
 Shock                    Conj/Air       0%         1d3       67%         1
 Slow                     Hex            0%         N/A       67%         1
 Sting                    Conj/Alch      0%         1d3       67%         1
 Cigotuvi's Dreadful Rot  Necr/Alch/Air  0%         N/A       82%         2
 Mercury Vapours          Alch/Air       0%         N/A       82%         2
 Scorch                   Fire           0%         2d5       82%         2
 Dimensional Bullseye     Hex/Tloc       5%         N/A       91%         4
 Vhi's Electric Charge    Tloc/Air       20%        N/A       91%         4
 Call Canine Familiar     Summ           0%         N/A       95%         3
 Confusing Touch          Hex            0%         N/A       95%         3
 Dazzling Flash           Conj/Hex       0%         N/A       95%         3
 Frozen Ramparts          Ice            0%         1d1       95%         3
 Hailstorm                Conj/Ice       0%         3d5       95%         3
 Inner Flame              Hex/Fire       0%         N/A       95%         3
 Mephitic Cloud           Conj/Alch/Air  0%         N/A       95%         3
 Passwall                 Erth           0%         N/A       95%         3
 Sigil of Binding         Hex            0%         N/A       95%         3
 Stone Arrow              Conj/Erth      0%         3d7       95%         3
 Swiftness                Air            0%         N/A       95%         3
 Tukima's Dance           Hex            0%         N/A       95%         3
 Vampiric Draining        Necr           0%         2d6       95%         3
 Summon Forest            Summ/Tloc      5%         N/A       99%         5
 Airstrike                Air            0%         2d(0-16)  100%        4
 Anguish                  Hex/Necr       0%         N/A       100%        4
 Animate Armour           Summ/Erth      0%         N/A       100%        4
 Brom's Barrelling Bould  Conj/Erth      0%         2d3       100%        4
 Cause Fear               Hex            0%         N/A       100%        4
 Dispel Undead            Necr           0%         3d6       100%        4
 Flame Wave               Conj/Fire      0%         2d4       100%        4
 Fulminant Prism          Conj/Alch      0%         3d5       100%        4
 Ignite Poison            Fire/Alch      0%         N/A       100%        4
 Leda's Liquefaction      Alch/Erth      0%         N/A       100%        4
 Martyr's Knell           Necr/Summ      0%         N/A       100%        4
 Olgreb's Toxic Radiance  Alch           0%         N/A       100%        4
 Petrify                  Alch/Erth      0%         N/A       100%        4
 Sticky Flame             Fire/Alch      0%         2d4       100%        4
 Summon Lightning Spire   Summ/Air       0%         N/A       100%        4
 Alistair's Intoxication  Alch           0%         N/A       100%        5
 Borgnjor's Vile Clutch   Necr/Erth      0%         N/A       100%        5
 Curse of Agony           Necr           0%         N/A       100%        5
 Fireball                 Conj/Fire      0%         3d3       100%        5
 Freezing Cloud           Conj/Ice/Air   0%         6-21      100%        5
 Lee's Rapid Deconstruct  Erth           0%         3d4*      100%        5
 Metabolic Englaciation   Hex/Ice        0%         N/A       100%        5
 Silence                  Hex/Air        0%         N/A       100%        5
 Summon Mana Viper        Hex/Summ       0%         N/A       100%        5
 Yara's Violent Unravell  Hex/Alch       0%         3d3       100%        5
 Bombard                  Conj/Erth      0%         9d1       100%        6
 Conjure Ball Lightning   Conj/Air       0%         3x3d6     100%        6
 Eringya's Noxious Bog    Alch           0%         4d6       100%        6
 Plasma Beam              Fire/Air       0%         2x1d10    100%        6
 Sculpt Simulacrum        Ice/Alch       0%         N/A       100%        6
 Starburst                Conj/Fire      0%         6d3       100%        6
 Summon Cactus Giant      Summ           0%         N/A       100%        6
 Enfeeble                 Hex            0%         N/A       100%        7
 Malign Gateway           Summ/Tloc      5%         N/A       100%        7
 Ozocubu's Refrigeration  Ice            0%         4d7       100%        7
 Spellforged Servitor     Conj/Summ      0%         N/A       100%        7
 Summon Hydra             Summ           0%         N/A       100%        7
 Discord                  Hex            0%         N/A       100%        8
 Disjunction              Tloc           10%        N/A       100%        8
 Ignition                 Fire           0%         3d3       100%        8
 Lehudib's Crystal Spear  Conj/Erth      0%         10d2      100%        8
 Maxwell's Capacitive Co  Air            0%         ∞         100%        8
 Summon Horrible Things   Summ           0%         N/A       100%        8
 Dragon's Call            Summ           0%         N/A       100%        9
 Polar Vortex             Ice            0%         N/A       100%        9
 Shatter                  Erth           0%         3d5*      100%        9
 Death Channel            Necr           Unusable   N/A       N/A         6

Inventory:

Hand Weapons
 L - a +6 eveningstar of freezing (weapon)
Missiles
 k - 26 silver javelins
 I - 19 javelins (quivered)
 W - 18 throwing nets {=f}
Armour
 c - the +0 pair of gloves of the Hills (worn) {Will+ Stlth+}
   (You acquired it on level 4 of the Dungeon)

   Will+:     It increases your willpower.
   Stlth+:    It makes you more stealthy.
 e - the +7 tower shield of Celenigeor (worn) {rF+ Will+}
   (You found it in a treasure trove)

   rF+:       It protects you from fire.
   Will+:     It increases your willpower.
 f - the +4 dragonskin cloak (worn)
   (You took it off Tiamat on level 2 of the Realm of Zot)

   Avatar's Aegis: It grants the wearer a chance to resist fire, cold, poison,
   electricity, acid, and negative energy.
 p - the +10 plate armour of Valiance (worn) {Int-4 Dex+4}
   (You bought it in a shop on level 2 of the Orcish Mines)

   Int-4:     It affects your intelligence (-4).
   Dex+4:     It affects your dexterity (+4).
 s - the +5 hat of Cowardice (worn) {rF+}
   (You found it in a Gauntlet)

   rF+:       It protects you from fire.
 K - the +4 pair of boots of the Bulwark (worn) {Regen+ Str-5 SInv Stlth+}
   (You bought it in a shop on level 1 of the Elven Halls)

   Str-5:     It affects your strength (-5).
   SInv:      It lets you see invisible.
   Regen+:    It increases your rate of health regeneration.
   Stlth+:    It makes you more stealthy.
Jewellery
 a - the amulet of the Black Skies (around neck) {*Corrode rC++ Regen+ SInv}
   (You found it in a treasure trove)

   [amulet of regeneration]

   rC++:      It greatly protects you from cold.
   SInv:      It lets you see invisible.
   Regen+:    It increases your rate of health regeneration.
   *Corrode:  It may corrode you when you take damage.
 b - a ring of poison resistance (right hand)
 h - the ring of Kikubaaqudgha's Whim {Will+ Dex+4 Slay+4}
   (You found it in a treasure trove)

   [ring of slaying]

   Dex+4:     It affects your dexterity (+4).
   Slay+4:    It affects your accuracy & damage with ranged weapons and melee
   (+4).
   Will+:     It increases your willpower.
 m - the ring "Koerch" (left hand) {rElec rC+ Int+6 SInv}
   (You found it in a treasure trove)

   [ring of intelligence]

   Int+6:     It affects your intelligence (+6).
   rC+:       It protects you from cold.
   rElec:     It insulates you from electricity.
   SInv:      It lets you see invisible.
 u - the ring "Peityku" {*Slow Fly rN+ Int+8 SInv}
   (You found it on level 11 of the Dungeon)

   [ring of flight]

   Int+8:     It affects your intelligence (+8).
   rN+:       It protects you from negative energy.
   SInv:      It lets you see invisible.
   Fly:       It grants you flight.
   *Slow:     It may slow you when you take damage.
 D - the ring of Zadyxokk {rElec Str+6}
   (You took it off a deep elf pyromancer on level 3 of the Elven Halls)

   [ring of strength]

   Str+6:     It affects your strength (+6).
   rElec:     It insulates you from electricity.
 P - the ring "Abiuriym" {rC+ rCorr}
   (You found it in a treasure trove)

   [ring of protection from cold]

   rC+:       It protects you from cold.
   rCorr:     It protects you from acid and corrosion.
 S - a ring of protection from fire
Wands
 r - a wand of acid (19)
 v - a wand of iceblast (27)
 V - a wand of digging (3)
Scrolls
 i - 6 scrolls of noise
 o - 3 scrolls of poison
 t - a scroll of torment
 B - 24 scrolls of teleportation {@r2}
 E - a scroll of silence {!r}
 F - 7 scrolls of immolation
 M - 10 scrolls of vulnerability
 R - 7 scrolls of fear
 T - 11 scrolls of enchant armour
 Y - 7 scrolls of fog
Potions
 d - 8 potions of might
 g - 4 potions of resistance
 j - 26 potions of curing {@q1}
 l - 7 potions of brilliance
 n - 6 potions of mutation
 w - a potion of invisibility
 z - 9 potions of lignification
 H - 2 potions of magic
 N - 4 potions of enlightenment
 Q - a potion of cancellation
 U - 2 potions of berserk rage {!q}
 X - 9 potions of attraction
Miscellaneous
 q - a box of beasts
 y - a phial of floods
 A - a lightning rod (4/4)
 Z - a tin of tremorstones (2/2)

Dungeon Overview and Level Annotations

Branches:
Dungeon (15/15)            Temple (1/1) D:4            Lair (5/5) D:11
 Shoals (4/4) Lair:3       Spider (4/4) Lair:3        Slime (0/5) Lair:4
    Orc (2/2) D:9             Elf (3/3) Orc:2        Vaults (5/5) D:13
  Crypt (0/3) Vaults:2     Depths (4/4) D:15            Zot (5/5) Depths:4
Ossuary (visited)         Gauntlet (visited)

Altars:
Ashenzari
Cheibriados
Dithmenos
Elyvilon
Fedhas
Gozag
Hepliaklqana
Kikubaaqudgha
Makhleb
Nemelex Xobeh
Okawaru
Qazlal
Ru
Sif Muna
Trog
Uskayaw
Vehumet
Wu Jian
Xom
Yredelemnul
Zin
The Shining One
Beogh
Jiyva
Lugonu

Shops:
D:4 ?   D:6 *   D:9 *   Orc:2 ?[*(:   Elf:1 [   Elf:2 :=!   Shoals:1 *
Vaults:2 ?   Depths:4 *[

Portals:
Hell: Depths:1 Depths:2 Depths:3 Depths:4
Abyss: Depths:1 Depths:3 Depths:4
Pandemonium: Depths:2 Depths:3
Ziggurat: Depths:4

Annotations:
Zot:3 1 runed translucent door, 2 transporters, Kinwaexu's ghost, veteran OnBe

# ##...##.#####.# #. #
#######....##.#####.###. #
#....................(.. #
#.#####'#####.#####.##.. #
#.#PPP#.#PPP#.#......... #
#.#P⌠P#.#P⌠P#.#.....##.. #
#.#PPP#.#PPP#.####..###. ####
#####.#####.#####.####.....#
...###.....+....@....'.......###.
##.....###.#####)#####)####%.# #.
#..#### #.#PPP#.#PPP#....>..# #.
##..# #.#P⌠P#.#P⌠P#.###...# #.
.)..# #.#PPP#.#PPP#.# #...# #>
##..# #.#####+#####.###...###.
#..)## #.......................
.....###########.##.....##...####
.............................#


There were no monsters in sight!


Message History

Unknown command.
Unknown command.
Things that are here:
a +0 trident; a hobgoblin skeleton A sixfirhy comes into view.
The sixfirhy moves out of view.
You hear a grinding noise.
You hear a grinding noise.
A cacodemon comes into view.
The cacodemon shouts!
The cacodemon moves out of view.
The cacodemon gestures at the rock wall.
You hear a grinding noise.
You hear a grinding noise.
There is a stone staircase leading up here.
You climb upwards.
There is a stone staircase leading down here.
Unknown command.
There is a stone staircase leading up here.
Unknown command.
You climb upwards.
There is a stone staircase leading down here.
Unknown command.
You see here a frilled lizard skeleton.
You see here a +0 short sword.
You open the door.
There is an open door here.
There is a staircase leading out of the dungeon here.
Unknown command.
You have escaped!

Skill      XL: |  1  2  3  4  5  6  7  8  9 10 11 12 13 14 15 16 17 18 19 20 21 22 23 24 25 |
---------------+----------------------------------------------------------------------------+-----
Maces & Flails | 3 5 6 8 10 11 12 13 15 17 18 19 21 22 | 22.1
Fighting       | 4 5 6 7 8 9 10 12 13 14 15 16 17 19 20 21 23 24 27 | 27.0
Shields        | 4 5 6 7 9 10 11 12 14 15 16 20 | 20.0
Armour         | 4 6 7 9 10 12 13 14 16 17 18 20 21 | 21.4
Invocations    | 3 8 10 11 13 15 16 | 16.7
Dodging        | 3 6 7 9 10 | 10.9
Stealth        | 5 7 8 |  8.0
Throwing       | 7 10 11 13 | 13.2
Evocations     | 9 10 | 10.0
Translocations | 7 |  7.0

Action                     |  1- 3 |  4- 6 |  7- 9 | 10-12 | 13-15 | 16-18 | 19-21 | 22-24 | 25-27 || total
---------------------------+-------+-------+-------+-------+-------+-------+-------+-------+-------++-------
  Melee: Flail             |    70 |   134 |   222 |       |       |       |       |       |       ||   426
         Whip              |       |       |   185 |   855 |   612 |       |       |       |       ||  1652
         Unarmed           |       |       |       |     2 |       |       |       |       |       ||     2
         Demon whip        |       |       |       |       |   785 |   949 |       |       |       ||  1734
         Eveningstar       |       |       |       |       |       |    92 |  1576 |  1652 |   468 ||  3788
         Headbutt          |       |       |       |       |       |       |       |       |    34 ||    34
  Throw: Javelin           |       |       |       |       |       |     1 |     5 |    38 |    45 ||    89
   Cast: Gell's Gravitas   |       |       |       |       |       |       |       |     1 |       ||     1
         Blink             |       |       |       |       |       |       |       |       |     2 ||     2
 Invoke: Light the Black T |       |       |     2 |     7 |    10 |     9 |     7 |     8 |       ||    43
         Recall Undead Har |       |       |     1 |     1 |     1 |       |     6 |     3 |       ||    12
         Hurl Torchlight   |       |       |       |     1 |     5 |     6 |     4 |     1 |       ||    17
         Bind Soul         |       |       |       |     1 |     1 |     1 |     2 |       |       ||     5
         Fathomless Shackl |       |       |       |       |       |       |       |     2 |       ||     2
  Evoke: Wand              |       |     1 |     8 |    22 |     4 |       |     2 |     9 |     5 ||    51
         Tin of tremorston |       |       |       |       |       |       |     1 |       |       ||     1
         Phial of floods   |       |       |       |       |       |       |       |     2 |     1 ||     3
         Lightning rod     |       |       |       |       |       |       |       |     2 |       ||     2
         Box of beasts     |       |       |       |       |       |       |       |     1 |     1 ||     2
    Use: Potion            |       |     1 |     1 |     8 |     6 |     6 |     7 |    13 |     8 ||    50
         Scroll            |       |     8 |     7 |     6 |    12 |     7 |     3 |    17 |     8 ||    68
   Stab: Invisible         |       |       |     1 |       |     4 |       |       |     5 |       ||    10
         Distracted        |       |       |       |     9 |    21 |    23 |    35 |    39 |     8 ||   135
         Petrified         |       |       |       |     5 |       |       |       |       |       ||     5
         Fleeing           |       |       |       |       |       |       |     1 |       |       ||     1
         Sleeping          |       |       |       |       |       |       |       |     3 |       ||     3
         Paralysed         |       |       |       |       |       |       |       |     2 |       ||     2
 Armour: Scale mail        |    38 |    92 |   113 |       |       |       |       |       |       ||   243
         Plate armour      |       |       |   180 |   484 |   771 |   671 |  1059 |   994 |   327 ||  4486
         Skin              |       |       |       |     1 |       |       |       |       |       ||     1
  Dodge: Dodged            |    46 |    36 |    88 |   134 |   272 |   451 |   682 |   362 |    69 ||  2140
  Block: Buckler           |    18 |     1 |       |       |       |       |       |       |       ||    19
         Kite shield       |       |    59 |   149 |   322 |   610 |   624 |   799 |       |       ||  2563
         Tower shield      |       |       |       |       |       |       |   157 |  2074 |   516 ||  2747

Levels and vault maps discovered:
D:1:      beargit_arrival_greenhouse, layout_loops_ring
D:2:      layout_basic, grunt_decor_arrowhead, supply_closet_lemuel,
          uniq_sigmund
D:3:      layout_rooms, hellmonk_ghost_happy_afterlife, serial_bayou_lagoon_a,
          minmay_lizard_king
D:4:      layout_rooms, minmay_temple_entry_statues_pillars, serial_shops,
          nicolae_square_shop, enter_ossuary_3, uniq_pikel, uniq_natasha,
          uniq_grinder, uniq_crazy_yiuf_cottage
D:5:      layout_layer_cave, lemuel_crystal_altar, tgw_trog
D:6:      layout_cave_pools, nicolae_ea-nasir_strikes_again, uniq_menkaure,
          uniq_jeremiah
D:7:      layout_cave_pods, mainiacjoe_overflow_swirl, serial_rivers,
          chequers_serial_rivers_micro_b, chequers_serial_rivers_micro_b,
          chequers_serial_rivers_micro_b, chequers_serial_rivers_micro_b,
          centaur_isle
D:8:      minmay_the_grid_four_pointed_star
          [minmay_the_grid_triangle_9x9_flanged_cone,
          minmay_the_grid_triangle_9x9_zippers_vertical,
          minmay_the_grid_triangle_9x9_pentomino_pain,
          minmay_the_grid_triangle_9x9_corrupted_corridor,
          minmay_the_grid_prize_four_corners], layout_rooms,
          small_statue_intersection
D:9:      layout_roguey [special_room_orc], david_orc_4,
          amcnicky_mini_rare_corridor_liquid, nicolae_island_escapes
D:10:     layout_loops_ring, grunt_temple_overflow_champion_of_chaos,
          dk_noncrumbling_2
D:11:     layout_stronghold, erik_lair_orcish_takeover, serial_bayou_pond_e,
          xom_confusion_cloud, uniq_erica
D:12:     layout_roguey, nicolae_guarded_unrand_slippers
D:13:     layout_cave_pods, hellmonk_vaults_order_and_chaos, serial_ice,
          serial_ice_n, serial_ice_i, serial_ice_e, serial_ice_a, serial_ice_c,
          serial_ice_d, serial_ice_o, serial_ice_g, uniq_azrael
D:14:     layout_grid_maze, gauntlet_entry_generic, kennysheep_nondescript,
          chequers_serial_rivers_micro_b
D:15:     grunt_enter_depths_magical_seal, layout_stronghold,
          nicolae_eternal_life, uniq_agnes, uniq_roxanne, uniq_josephine
Temple:   nicolae_temple_superstar
Lair:1:   layout_regular_city, uniq_nergalle
Lair:2:   kb_forest_paths, layout_cave_pods, uniq_gastronok, uniq_urug
Lair:3:   nzn_winding_woodlands_huge [nzn_winding_woodlands_5x15_cabin,
          nzn_winding_woodlands_5x15_longhouse,
          nzn_winding_woodlands_5x15_river_crossing,
          nzn_winding_woodlands_5x15_concentric,
          nzn_winding_woodlands_5x15_split_checker,
          nzn_winding_woodlands_5x15_jagged, nzn_winding_woodlands_5x15_crooked,
          nzn_winding_woodlands_5x15_lazy_stream,
          nzn_winding_woodlands_5x15_sawtooth,
          nzn_winding_woodlands_5x15_sidewinder,
          nzn_winding_woodlands_center_garden,
          nzn_winding_woodlands_center_triple_pond,
          nzn_winding_woodlands_15x15_killbox], layout_small_grid,
          mainiacjoe_shoals_entry_four_pools,
          hellmonk_spider_entry_not_the_bees, infiniplex_staircase_pool_2
Lair:4:   layout_long_grid, slime_entry_1, minivault_19, serial_bayou_pond_b,
          serial_bayou_shore_a
Lair:5:   minmay_lair_end_frog_pond, layout_gridlike,
          portal_ice_cave_entry_pillars_2, serial_rivers,
          chequers_serial_rivers_micro_a, chequers_serial_rivers_small_a,
          chequers_serial_rivers_small_a, chequers_serial_rivers_large_b,
          hellmonk_guarded_unrand_zhor
Shoals:1: layout_shoals, ebering_ghost_gozag, uniq_nikola
Shoals:2: layout_shoals, nicolae_shoals_nymph_descending_staircase, uniq_ilsuiw
Shoals:3: layout_shoals, nicolae_shoals_bring_sunscreen
Shoals:4: shoals_end_hellmonk_holy_island
Spider:1: layout_chambers, nicolae_spider_eight_legs,
          hangedman_spider_tarantella_strand
Spider:2: layout_spider_delve
Spider:3: layout_spider_delve, uniq_arachne
Spider:4: grunt_spider_rune_parallel
Orc:1:    layout_diamond_mine, basic_altar
Orc:2:    grunt_orc_gardens, layout_caves, grunt_orc_garden, grunt_orc_garden,
          grunt_orc_garden, grunt_orc_garden, serial_shops, shop
Elf:1:    eino_elf_arrival_customs, layout_geoelf_diagonals, serial_shops, shop,
          hangedman_corner_corridor
Elf:2:    nicolae_elf_blades_crystal_corner, layout_loops_corners, serial_shops,
          nicolae_shop_advertising_works [nicolae_subvault_shop_adworks],
          nicolae_shop_tiny_waterfront, nicolae_shop_real_fake_doors,
          portal_desolation_entry_ruin, nicolae_custom_books,
          einodemon_crawler_minivault
Elf:3:    elf_hall, layout_geoelf_diagonals
Vaults:1: vaults_room_grunt_arrival_ludios, nicolae_vaults_house_2,
          nicolae_vaults_alarming, nicolae_vaults_surprise_closet,
          nicolae_vaults_six-pack, v_misc_27, nicolae_vaults_apartment_1,
          nicolae_vaults_trapezoid_lopsided_3, nicolae_vaults_asterisk,
          hangedman_vaults_hat, layout_vaults_omnigrid
Vaults:2: ebering_ghost_disaster_area, nicolae_vaults_double_plus_2,
          vaults_room_fours, st_greater_box_3, v_pattern_5, v_misc_12,
          nicolae_vaults_six-pack, minmay_crypt_entry_simple_sparse,
          layout_vaults_omnibox, serial_shops, nicolae_shop_tiny_waterfront
Vaults:3: vaults_room_corners, v_misc_15, v_misc_2,
          nicolae_vaults_closet_pinwheel_1, nicolae_vaults_door_testing_chamber,
          nicolae_vaults_closet_pinwheel_3, nicolae_vaults_closet_pinwheel_2,
          nicolae_vaults_trapezoid_lopsided_2, ontoclasm_vaults_claustrophobia,
          nicolae_vaults_trapezoid_layered, nicolae_vaults_tetromino_Z_1,
          st_spiral_rooms, layout_vaults_omnicross
Vaults:4: ontoclasm_vaults_hangar, vaults_standard_mumra_x,
          ontoclasm_vaults_fault, v_misc_23, vaults_dpeg_diagonal,
          nicolae_vaults_doubleplus_tesselated, grunt_vaults_hallway_long,
          vaults_standard_mumra_enter_the_diamond, vaults_dpeg_ring,
          nicolae_vaults_diamond_1, vaults_dpeg_encased_lava,
          layout_vaults_chaotic_city
Vaults:5: uniq_mennas
Depths:1: hangedman_cross_cluster, layout_basic, abyss_entry_flame_altar,
          hell_entry, lemuel_nasty_fountain
Depths:2: minmay_concentric_multi, layout_twisted_cross, hangedman_coc_ice_floe,
          rand_demon_pan_entry_3, minmay_staircase_windowed_large
Depths:3: minmay_slanted_spiral_squares, layout_gridville,
          rand_demon_pan_entry_1, hell_entry, enter_trove_1, abyss_entry,
          minmay_stone_trees_medium, feat_on_display, uniq_josephina
Depths:4: evilmike_zot_entry_gauntlet, layout_basic, enter_ziggurat_f,
          abyss_entry, hell_entry, minmay_tree_intersection, minmay_shoptagon
Zot:1:    layout_gridlike, st_stairs_3
Zot:2:    regret_index_zot_pan_timeshare, layout_onion, uniq_tiamat
Zot:3:    gammafunk_dig_for_victory, layout_onion_interference,
          regret_index_zotdec_banners, ebering_ghost_reflecting_pool,
          hangedman_spider_trapstep
Zot:4:    layout_gridlike, regret_index_zotdec_fiery_em,
          regret_index_zotdec_ceiling_fans
Zot:5:    layout_basic, nicolae_zig_zag_zippers

Notes
Turn   | Place    | Note
-------+----------+-------------------------------------------
     0 | D:1      | Ruich the Mountain Dwarf Fighter began the quest for the
                  | Orb.
     0 | D:1      | Reached XP level 1. HP: 19/19 MP: 1/1
   131 | D:1      | Reached XP level 2. HP: 26/26 MP: 2/2
   358 | D:1      | Reached skill level 3 in Maces & Flails
   375 | D:1      | Reached XP level 3. HP: 31/33 MP: 3/3
   835 | D:2      | Reached XP level 4. HP: 40/40 MP: 4/4
   893 | D:2      | Noticed Sigmund
   908 | D:2      | Killed Sigmund
   909 | D:2      | Reached skill level 4 in Fighting
   909 | D:2      | Reached skill level 5 in Maces & Flails
   909 | D:2      | Reached skill level 4 in Shields
   909 | D:2      | Reached XP level 5. HP: 20/47 MP: 5/5
  1558 | D:3      | Found a runed translucent door.
  1558 | D:3      | Noticed soul19's ghost (amateur DsSh)
  1573 | D:3      | Reached XP level 6. HP: 11/55 MP: 1/6
  2224 | D:3      | Killed soul19's ghost
  2225 | D:3      | Reached skill level 5 in Fighting
  2225 | D:3      | Reached skill level 6 in Maces & Flails
  2259 | D:4      | Identified a scroll of acquirement
  2259 | D:4      | Acquired the +0 pair of gloves of the Hills {Will+ Stlth+}
  2461 | D:4      | Found a runed translucent door.
  2462 | D:4      | Noticed Crazy Yiuf
  2573 | D:4      | Found Tuycs's Magic Scroll Boutique.
  2603 | D:4      | Found a sand-covered staircase.
  2610 | Ossuary  | Entered an ossuary
  2694 | Ossuary  | Reached XP level 7. HP: 59/61 MP: 7/7
  2737 | Ossuary  | Reached skill level 7 in Maces & Flails
  2885 | Ossuary  | Reached skill level 5 in Shields
  3053 | Ossuary  | Reached skill level 8 in Maces & Flails
  3144 | D:4      | Noticed Grinder
  3147 | D:4      | Noticed Natasha
  3158 | D:4      | Reached skill level 6 in Fighting
  3159 | D:4      | Killed Natasha
  3162 | D:4      | Killed Grinder
  3163 | D:4      | Reached XP level 8. HP: 68/70 MP: 8/8
  3403 | D:4      | Noticed Natasha
  3420 | D:4      | Killed Natasha
  3421 | D:4      | Reached skill level 6 in Shields
  3486 | D:4      | Noticed Natasha
  3493 | D:4      | Killed Natasha
  3537 | D:4      | Found a staircase to the Ecumenical Temple.
  3552 | Temple   | Entered the Ecumenical Temple
  3643 | D:4      | Reached skill level 9 in Maces & Flails
  3869 | D:4      | Noticed Pikel
  3884 | D:4      | Killed Pikel
  3885 | D:4      | Reached skill level 7 in Fighting
  3885 | D:4      | Reached skill level 4 in Armour
  4136 | D:4      | Killed Crazy Yiuf
  4280 | D:5      | Entered Level 5 of the Dungeon
  4358 | D:4      | Reached skill level 10 in Maces & Flails
  4358 | D:4      | Reached XP level 9. HP: 70/79 MP: 7/9
  4678 | D:4      | Reached skill level 5 in Armour
  4946 | D:5      | Noticed a moth of wrath
  5099 | D:5      | Reached skill level 7 in Shields
  5400 | D:5      | Found a basalt altar of Yredelemnul.
  5512 | D:5      | Reached skill level 11 in Maces & Flails
  5607 | D:5      | Became a worshipper of Yredelemnul the Fallen
  6045 | D:5      | Found a bloodstained altar of Trog.
  6141 | D:6      | Found Ea-nāṣir's Fine Metal Goods.
  6188 | D:6      | Noticed Jeremiah
  6209 | D:6      | Killed Jeremiah
  6210 | D:6      | Reached skill level 2 in Invocations
  6239 | D:6      | Reached skill level 8 in Fighting
  6271 | D:6      | Noticed Menkaure
  6280 | D:6      | Killed Menkaure
  6308 | D:6      | Reached skill level 6 in Armour
  6339 | D:6      | Reached skill level 3 in Invocations
  6360 | D:6      | Reached XP level 10. HP: 69/88 MP: 12/12
  6987 | D:7      | Reached * piety under Yredelemnul
  7341 | D:7      | Acquired a manual of Maces & Flails
  7407 | D:7      | Reached skill level 4 in Invocations
  7555 | D:7      | Reached skill level 8 in Shields
  7568 | D:7      | Reached skill level 12 in Maces & Flails
  7825 | D:7      | Reached skill level 5 in Invocations
  7845 | D:7      | Found a sparkling altar of Nemelex Xobeh.
  8133 | D:7      | Found a radiant altar of Vehumet.
  8376 | D:8      | Noticed a two-headed ogre
  8382 | D:8      | Killed a two-headed ogre
  8383 | D:8      | Reached skill level 6 in Invocations
  8397 | D:8      | Reached ** piety under Yredelemnul
  8398 | D:8      | Reached skill level 7 in Armour
  8451 | D:8      | Reached skill level 9 in Fighting
  8451 | D:8      | Reached skill level 7 in Invocations
  8452 | D:8      | Noticed a catoblepas
  8470 | D:8      | Killed a catoblepas
  8472 | D:8      | Noticed a centaur warrior
  8480 | D:8      | Killed a centaur warrior
  8481 | D:8      | Reached skill level 9 in Shields
  8481 | D:8      | Reached skill level 8 in Invocations
  8481 | D:8      | Reached XP level 11. HP: 44/97 MP: 10/17
  8568 | D:8      | Reached skill level 9 in Invocations
  8590 | D:8      | Reached skill level 8 in Armour
  9187 | D:8      | Reached skill level 10 in Invocations
  9847 | D:9      | Reached skill level 10 in Fighting
  9895 | D:9      | Reached *** piety under Yredelemnul
  9953 | D:9      | Found a roughly hewn altar of Beogh.
 10251 | D:9      | Found Xaucor's Island Escapes.
 10471 | D:9      | Reached skill level 10 in Shields
 10479 | D:9      | Reached **** piety under Yredelemnul
 10653 | D:9      | Found a staircase to the Orcish Mines.
 10989 | D:9      | Identified 3 potions of resistance
 11120 | D:10     | Entered Level 10 of the Dungeon
 11128 | D:10     | Reached skill level 9 in Armour
 11417 | D:10     | Reached skill level 13 in Maces & Flails
 11562 | D:10     | Found a burning altar of Makhleb.
 11562 | D:10     | Found a shimmering altar of Xom.
 11700 | D:10     | Reached XP level 12. HP: 108/108 MP: 19/19
 11788 | D:10     | Noticed a boulder beetle
 11804 | D:10     | Killed a boulder beetle
 12084 | D:11     | Noticed Erica
 12084 | D:11     | Noticed a two-headed ogre
 12096 | D:10     | Killed Erica
 12096 | D:10     | Bound Erica
 12177 | D:11     | Killed a two-headed ogre
 12227 | D:11     | Found a shimmering altar of Xom.
 12227 | D:11     | Noticed a two-headed ogre
 12227 | D:11     | Noticed a two-headed ogre
 12231 | D:11     | Killed a two-headed ogre
 12241 | D:11     | Your ally Erica died
 12262 | D:11     | Killed a two-headed ogre
 12308 | D:11     | Identified the maw talisman of the Yeti {Dex+3}
 12420 | D:11     | Identified the ring "Peityku" {*Slow Fly rN+ Int+8 SInv}
 12529 | D:11     | Reached skill level 11 in Fighting
 12540 | D:11     | Found a staircase to the Lair.
 12541 | D:11     | Noticed a two-headed ogre
 12550 | D:11     | Killed a two-headed ogre
 12552 | D:11     | Reached skill level 14 in Maces & Flails
 12686 | D:11     | Noticed a four-headed hydra
 12697 | D:11     | Killed a four-headed hydra
 12698 | D:11     | Reached skill level 10 in Armour
 12760 | D:11     | Noticed a two-headed ogre
 12766 | D:11     | Killed a two-headed ogre
 12767 | D:11     | Reached skill level 11 in Shields
 13345 | Lair:1   | Entered Level 1 of the Lair of Beasts
 13491 | Lair:1   | Reached skill level 15 in Maces & Flails
 13717 | Lair:1   | Noticed Nergalle
 13733 | Lair:1   | Killed Nergalle
 14200 | Lair:2   | Noticed a catoblepas
 14210 | Lair:2   | Killed a catoblepas
 14240 | Lair:2   | Reached skill level 12 in Fighting
 14244 | Lair:2   | Noticed Gastronok
 14257 | Lair:2   | Killed Gastronok
 14258 | Lair:2   | Reached XP level 13. HP: 116/118 MP: 20/20
 14311 | Lair:2   | Reached skill level 11 in Armour
 14376 | Lair:2   | Noticed Urug
 14390 | Lair:2   | Killed Urug
 14390 | Lair:2   | Bound Urug
 14571 | Lair:2   | Reached skill level 12 in Shields
 14574 | Lair:2   | Reached skill level 16 in Maces & Flails
 15580 | Lair:3   | Found a hole to the Spider Nest.
 15847 | Lair:3   | Found a staircase to the Shoals.
 16684 | Lair:3   | Reached ***** piety under Yredelemnul
 16874 | Lair:3   | Reached skill level 11 in Invocations
 16920 | Lair:3   | Reached skill level 17 in Maces & Flails
 16991 | Lair:3   | Reached skill level 13 in Fighting
 16991 | Lair:3   | Reached skill level 12 in Armour
 16993 | Lair:3   | Your ally Urug died
 17169 | Lair:3   | Got the Volume of Polytheism
 17175 | Lair:3   | Identified the +9 hand axe of Nosch {drain, rF+}
 17343 | Lair:3   | Reached XP level 14. HP: 98/129 MP: 17/22
 17348 | Lair:3   | Reached skill level 13 in Shields
 18067 | Lair:4   | Found a staircase to the Slime Pits.
 18070 | Lair:4   | Found a viscous altar of Jiyva.
 18191 | Lair:4   | Identified the +3 mace of Bodily Harmony {antimagic, Dex+2}
 18229 | Lair:4   | Reached skill level 12 in Invocations
 18233 | Lair:4   | Reached skill level 18 in Maces & Flails
 18872 | Lair:5   | Entered Level 5 of the Lair of Beasts
 18952 | Lair:5   | Acquired the +0 pair of boots of an ice cave {rN+++ rCorr
                  | Slay-3 SInv}
 19008 | Lair:5   | Acquired a +2 demon whip of draining
 19446 | Lair:5   | Reached skill level 13 in Armour
 19462 | Lair:5   | Found a frozen archway.
 19466 | Lair:5   | Found the +4 skin of Zhor {*Englaciate rC+++ SInv}
 19471 | Lair:5   | Reached ****** piety under Yredelemnul
 19553 | Lair:5   | Reached skill level 14 in Fighting
 19585 | Lair:5   | Reached skill level 13 in Invocations
 19860 | Lair:5   | Identified the +3 ring mail of Love and Death {Int+2 Dex+5
                  | Slay-2}
 20146 | Lair:5   | Reached skill level 14 in Shields
 20513 | Orc:1    | Entered Level 1 of the Orcish Mines
 20741 | Orc:2    | Entered Level 2 of the Orcish Mines
 20741 | Orc:2    | Found Bugis's Magic Scroll Shoppe.
 20743 | Orc:2    | Found Noekagg's Antique Armour Emporium.
 20743 | Orc:2    | Noticed an orc warlord
 20781 | Orc:2    | Killed an orc warlord
 20782 | Orc:2    | Reached XP level 15. HP: 61/138 MP: 12/25
 21055 | Orc:2    | Identified a +2 robe of resistance
 21157 | Orc:2    | Found a staircase to the Elven Halls.
 21166 | Orc:2    | Found Taraaf's General Store.
 21188 | Orc:2    | Bought a scroll of brand weapon for 95 gold pieces
 21350 | Orc:2    | Found Uricvy's Antique Weapon Shoppe.
 21529 | Orc:2    | Found Xinwu's Book Emporium.
 21967 | Orc:2    | Bought a spiked plate armour for 840 gold pieces
 21967 | Orc:2    | Identified the +10 plate armour of Valiance {Int-4 Dex+4}
                  | (You bought it in a shop on level 2 of the Orcish Mines)
 22007 | Orc:2    | Bought a potion of haste for 140 gold pieces
 22007 | Orc:2    | Bought a scroll of fear for 56 gold pieces
 22007 | Orc:2    | Bought a potion of mutation for 112 gold pieces
 22007 | Orc:2    | Bought a potion of curing for 42 gold pieces
 22503 | D:12     | Found the +2 pair of slick slippers {slick, slippery, EV+4}
 22528 | D:12     | Found a runed translucent door.
 22692 | D:12     | Reached skill level 1 in Dodging
 23270 | D:13     | Reached skill level 14 in Invocations
 23323 | D:13     | Noticed Azrael
 23345 | D:13     | Killed Azrael
 23665 | D:13     | Reached skill level 2 in Dodging
 23919 | D:13     | Reached skill level 14 in Armour
 23941 | D:13     | Found a gate to the Vaults.
 24304 | D:14     | Found a gate leading to a gauntlet.
 24499 | D:14     | Reached skill level 15 in Fighting
 24515 | Gauntlet | Entered a Gauntlet
 24515 | Gauntlet | Found a transporter.
 24527 | Gauntlet | Found a transporter.
 24528 | Gauntlet | Found a transporter.
 24536 | Gauntlet | Found a transporter.
 24539 | Gauntlet | Found a transporter.
 24540 | Gauntlet | Found a transporter.
 24544 | Gauntlet | Found a runed translucent door.
 24544 | Gauntlet | Found a runed translucent door.
 24548 | Gauntlet | Found a transporter.
 24551 | Gauntlet | Found a transporter.
 24552 | Gauntlet | Found a transporter.
 24561 | Gauntlet | Found a transporter.
 24563 | Gauntlet | Found a transporter.
 24564 | Gauntlet | Found a transporter.
 24570 | Gauntlet | Found a runed translucent gate.
 24572 | Gauntlet | Found a transporter.
 24573 | Gauntlet | Found a runed translucent gate.
 24574 | Gauntlet | Found a runed translucent gate.
 24633 | Gauntlet | Found a transporter.
 24819 | Gauntlet | Identified the ring "Riutaifruo" {Fire Str+3}
 24887 | Gauntlet | Reached skill level 3 in Dodging
 24933 | Gauntlet | Reached skill level 15 in Shields
 24957 | Gauntlet | Identified the +5 hat of Cowardice {rF+}
 25000 | Gauntlet | Identified the +3 battleaxe of the Special Nightmares
                  | {freeze, +Blink Int+4}
 25000 | Gauntlet | Identified the ring "Joprao" {Wiz Dex+3}
 25027 | Gauntlet | Got Geati's Reference Book on Cadavers and Snow
 25318 | D:14     | Reached skill level 15 in Invocations
 25885 | D:15     | Entered Level 15 of the Dungeon
 25903 | D:15     | Reached XP level 16. HP: 149/149 MP: 25/27
 26177 | D:15     | Noticed Agnes
 26188 | D:15     | Killed Agnes
 26188 | D:15     | Bound Agnes
 26271 | D:15     | Noticed Josephine
 26280 | D:15     | Killed Josephine
 26281 | D:15     | Reached skill level 4 in Dodging
 26356 | D:15     | Got the Quarto of Arcane Combat
 26462 | D:15     | Reached skill level 15 in Armour
 26615 | D:15     | Noticed Roxanne
 26622 | D:15     | Killed Roxanne
 27089 | D:15     | Reached skill level 5 in Dodging
 27103 | D:15     | Reached skill level 16 in Invocations
 27140 | D:15     | Found a staircase to the Depths.
 27415 | Spider:1 | Entered Level 1 of the Spider Nest
 28220 | Spider:1 | Reached skill level 6 in Dodging
 28724 | Spider:2 | Got Roxanne's Compilation of Virulence and the Quarry
 29354 | Spider:2 | Got the Grimoire of Accompaniment
 30073 | Spider:3 | Noticed Arachne
 30080 | Spider:3 | Killed Arachne
 30226 | Spider:4 | Entered Level 4 of the Spider Nest
 30239 | Spider:4 | Reached skill level 16 in Fighting
 30239 | Spider:4 | Reached skill level 16 in Armour
 30286 | Spider:4 | Reached XP level 17. HP: 87/158 MP: 21/29
 30293 | Spider:4 | Reached skill level 1 in Stealth
 30959 | Spider:4 | Reached skill level 2 in Stealth
 31211 | Spider:4 | Reached skill level 3 in Stealth
 31827 | Spider:4 | Got a gossamer rune of Zot
 31829 | Spider:4 | Identified the +1 pair of gloves of the Equator {rC+ rN+
                  | Str-5}
 32066 | Shoals:1 | Entered Level 1 of the Shoals
 32119 | Shoals:1 | Found a runed translucent gate.
 32120 | Shoals:1 | Found a runed translucent gate.
 32121 | Shoals:1 | Found a runed translucent gate.
 32132 | Shoals:1 | Found an opulent altar of Gozag.
 32134 | Shoals:1 | Noticed Onluw's ghost (adept DsWn)
 32134 | Shoals:1 | Found Vakaawing's Assorted Antiques.
 32165 | Shoals:1 | Reached skill level 4 in Stealth
 32196 | Shoals:1 | Reached skill level 17 in Fighting
 32249 | Shoals:1 | Reached skill level 17 in Armour
 32485 | Shoals:1 | Found the +3 Elemental Staff {ele, rElec rF+ rC+ AC+3}
 32519 | Shoals:1 | Noticed Nikola
 32530 | Shoals:1 | Killed Nikola
 32922 | Shoals:1 | Killed Onluw's ghost
 33187 | Shoals:2 | Reached skill level 5 in Stealth
 33559 | Shoals:2 | Noticed Ilsuiw
 33569 | Shoals:2 | Killed Ilsuiw
 33698 | Shoals:2 | Reached skill level 7 in Dodging
 34086 | Shoals:3 | Reached XP level 18. HP: 170/170 MP: 30/30
 34874 | Shoals:4 | Entered Level 4 of the Shoals
 34896 | Shoals:4 | Reached skill level 18 in Fighting
 34929 | Shoals:4 | Reached skill level 18 in Armour
 34966 | Shoals:4 | Found a white marble altar of Elyvilon.
 35037 | Shoals:4 | Reached skill level 8 in Dodging
 35191 | Shoals:4 | Your ally Agnes died
 35379 | Shoals:4 | Got a barnacled rune of Zot
 35524 | Shoals:4 | Identified the amulet of Zin Xell {rF- Regen+ MP+9 Int+2
                  | Slay+4}
 35574 | Shoals:4 | Found a glowing silver altar of Zin.
 36408 | D:6      | Bought an eveningstar for 435 gold pieces
 36663 | Vaults:1 | Entered Level 1 of the Vaults
 36964 | Vaults:1 | Reached skill level 9 in Dodging
 37161 | Vaults:1 | Reached skill level 19 in Fighting
 37256 | Vaults:1 | Reached XP level 19. HP: 170/182 MP: 29/31
 37304 | Vaults:1 | Reached skill level 19 in Armour
 38171 | Vaults:1 | Paralysed by a formless jellyfish for 1 turns
 38573 | Vaults:2 | Found Roawnim's Magic Scroll Emporium.
 38828 | Vaults:2 | Identified the +8 scimitar "Killer Klown's Doom" {venom,
                  | rPois rCorr Str+2}
 39142 | Vaults:2 | Reached skill level 10 in Dodging
 39302 | Vaults:2 | Reached skill level 20 in Fighting
 39314 | Vaults:2 | Reached skill level 20 in Armour
 39354 | Vaults:2 | HP: 18/180 [deep elf high priest/damnation (37)]
 39695 | Vaults:2 | Found a staircase to the Crypt.
 39695 | Vaults:2 | Noticed a curse skull
 39705 | Vaults:2 | Killed a curse skull
 39926 | Vaults:2 | Found a large runed translucent door.
 39926 | Vaults:2 | Found a large runed translucent door.
 39927 | Vaults:2 | Noticed Zissick's ghost (adept MiBr)
 40618 | Vaults:2 | Got Jimoav's Vademecum on the Shot
 40744 | Vaults:2 | Identified the +3 ring mail of Uxygoc {Str+5}
 40851 | Vaults:2 | Killed Zissick's ghost
 41007 | Vaults:3 | Reached XP level 20. HP: 171/195 MP: 28/32
 41016 | Vaults:3 | Reached skill level 1 in Throwing
 41081 | Vaults:3 | Reached skill level 2 in Throwing
 41167 | Vaults:3 | Reached skill level 1 in Evocations
 41437 | Vaults:3 | Reached skill level 2 in Evocations
 41547 | Vaults:3 | Reached skill level 3 in Throwing
 41812 | Vaults:3 | Reached skill level 3 in Evocations
 42220 | Vaults:3 | Reached skill level 4 in Evocations
 42246 | Vaults:3 | Reached skill level 4 in Throwing
 42909 | Vaults:4 | Reached skill level 5 in Evocations
 43029 | Vaults:4 | Reached skill level 5 in Throwing
 43101 | Vaults:4 | Reached skill level 6 in Evocations
 44480 | Depths:1 | Entered Level 1 of the Depths
 44493 | Depths:1 | Reached skill level 7 in Evocations
 44493 | Depths:1 | Found a corrupted altar of Lugonu.
 44494 | Depths:1 | Found a one-way gate to the infinite horrors of the Abyss.
 44621 | Depths:1 | Reached skill level 6 in Throwing
 45086 | Depths:1 | Identified the blade talisman "Zudodia" {rCorr Str-4 Int+3}
 45148 | Depths:1 | Reached skill level 8 in Evocations
 45311 | Depths:1 | Noticed a golden dragon
 45335 | Depths:1 | Killed a golden dragon
 45336 | Depths:1 | Reached skill level 7 in Throwing
 45415 | Depths:1 | Reached skill level 9 in Evocations
 45931 | Depths:1 | Reached XP level 21. HP: 170/202 MP: 33/33
 46175 | Depths:1 | Found a gateway to Hell.
 46403 | Depths:2 | Reached skill level 8 in Throwing
 46403 | Depths:2 | Reached skill level 10 in Evocations
 46734 | Depths:2 | Reached skill level 9 in Throwing
 47036 | Depths:2 | Noticed a juggernaut
 47044 | Depths:2 | Noticed a juggernaut
 47084 | Depths:2 | Killed a juggernaut
 47096 | Depths:2 | Killed a juggernaut
 47159 | Depths:2 | Reached skill level 10 in Throwing
 47186 | Depths:2 | Noticed a juggernaut
 47200 | Depths:2 | Killed a juggernaut
 47201 | Depths:2 | Reached skill level 21 in Fighting
 47632 | Depths:2 | Found a one-way gate leading to the halls of Pandemonium.
 48852 | Depths:3 | Noticed a juggernaut
 48864 | Depths:3 | Killed a juggernaut
 48982 | Depths:3 | Found a portal to a secret trove of treasure.
 49332 | D:9      | Bought a scroll of blinking for 97 gold pieces
 49701 | Depths:3 | You paid a toll of 5 scrolls of blinking to enter a
                  | treasure trove
 49702 | Trove    | Entered a treasure trove
 49702 | Trove    | Found the Hermit's Pendant {Faith Invo=14 Evo=0 MP+5}
 49704 | Trove    | Identified the amulet of the Black Skies {*Corrode rC++
                  | Regen+ SInv}
 49706 | Trove    | Identified the amulet of the Priest {Faith *Corrode rC+
                  | SInv}
 49711 | Trove    | Identified the +4 buckler of the Hall of Blades {Harm rF+++
                  | MP-9 Int+4}
 49715 | Trove    | Identified the +1 hat of Caerinn {rElec Will- Str+7 SInv}
 49718 | Trove    | Identified the +7 tower shield of Celenigeor {rF+ Will+}
 49739 | Trove    | Identified the ring of Kikubaaqudgha's Whim {Will+ Dex+4
                  | Slay+4}
 49747 | Trove    | Identified the ring "Koerch" {rElec rC+ Int+6 SInv}
 49754 | Trove    | Identified the ring "Gobek" {Will+ Int+5}
 49771 | Trove    | Identified the ring "Abiuriym" {rC+ rCorr}
 49785 | Trove    | Identified the +0 hat of Gallantry {rF+ Int-3 Slay+3
                  | Stlth+}
 50003 | Depths:3 | Reached skill level 16 in Shields
 50578 | Depths:4 | Entered Level 4 of the Depths
 50603 | Depths:4 | Noticed a golden dragon
 50610 | Depths:4 | Killed a golden dragon
 50659 | Depths:4 | Reached XP level 22. HP: 215/215 MP: 34/34
 50700 | Depths:4 | Reached skill level 17 in Shields
 50733 | Depths:4 | Noticed a juggernaut
 50745 | Depths:4 | Killed a juggernaut
 50817 | Depths:4 | Found Qoss's Armour Shoppe.
 50817 | Depths:4 | Found Plog's Assorted Antiques.
 50837 | Depths:4 | Found a one-way gateway to a ziggurat.
 51377 | Depths:4 | Reached skill level 18 in Shields
 51632 | Depths:4 | Noticed a golden dragon
 51646 | Depths:4 | Killed a golden dragon
 51657 | Depths:4 | Found a gate to the Realm of Zot.
 51657 | Depths:4 | Found the +1 robe of Vines {NoPotionHeal Regen++++}
 52134 | Elf:1    | Entered Level 1 of the Elven Halls
 52409 | Elf:1    | Reached skill level 19 in Shields
 52627 | Elf:1    | Found Ziosapt's Antique Armour Boutique.
 52686 | Elf:1    | Bought a pair of masterwork boots for 332 gold pieces
 52686 | Elf:1    | Identified the +4 pair of boots of the Bulwark {Regen+
                  | Str-5 SInv Stlth+} (You bought it in a shop on level 1 of
                  | the Elven Halls)
 53148 | Elf:2    | Found Otoamnu's Self-Published Books.
 53247 | Elf:2    | Found a crumbling gateway.
 53366 | Elf:2    | Found Hymp's Distillery.
 53379 | Elf:2    | Bought a potion of cancellation for 112 gold pieces
 53379 | Elf:2    | Bought a potion of resistance for 140 gold pieces
 53379 | Elf:2    | Bought a potion of heal wounds for 70 gold pieces
 53438 | Elf:2    | Reached skill level 20 in Shields
 53494 | Elf:2    | Found Xojere's Assorted Antiques.
 53656 | Elf:2    | Found Ikkateof's Jewellery Emporium.
 53818 | Elf:2    | Found a runed translucent gate.
 53819 | Elf:2    | Found a runed translucent gate.
 53819 | Elf:2    | Found a runed translucent gate.
 53870 | Elf:2    | Reached skill level 19 in Maces & Flails
 54061 | Elf:2    | Reached skill level 6 in Stealth
 54207 | Elf:3    | Entered Level 3 of the Elven Halls
 54491 | Elf:3    | Paralysed by an air elemental for 1 turns
 55345 | Elf:3    | Identified the amulet "Aptinus" {RegenMP rC+ rN+}
 55397 | Elf:3    | Reached skill level 7 in Stealth
 55414 | Elf:3    | Reached XP level 23. HP: 178/215 MP: 35/35
 55414 | Elf:3    | Identified the +2 leather armour "Tipoch" {rElec}
 55414 | Elf:3    | Identified the ring of Zadyxokk {rElec Str+6}
 55426 | Elf:3    | Reached skill level 20 in Maces & Flails
 55565 | Elf:3    | Paralysed by an air elemental for 1 turns
 56363 | Elf:3    | Reached skill level 8 in Stealth
 56589 | Elf:3    | Identified the +0 pair of gloves of the Nightingale
                  | {Slay+3}
 56601 | Elf:3    | Got Uxtagume's Meditations on Air and Hexing
 56610 | Elf:3    | Identified the +1 dagger of Judgement {flame, Will+}
 56627 | Elf:3    | Identified the +6 ring mail of Asceticism {rF+ Int+3
                  | Slay+2}
 57167 | Vaults:5 | Entered Level 5 of the Vaults
 57174 | Vaults:5 | Noticed Mennas
 57181 | Vaults:5 | Reached skill level 22 in Fighting
 57185 | Vaults:5 | Killed Mennas
 57265 | Vaults:5 | Your ally Mennas died
 57626 | Vaults:5 | Got a silver rune of Zot
 57780 | Vaults:5 | Reached skill level 11 in Throwing
 57827 | Vaults:5 | Identified the +1 ring mail "Awkuvaol" {Regen+ Dex+3}
 57944 | Vaults:5 | Identified the ring "Ijoiwir" {Fly rPois MP+9 Str+2 Dex-3}
 58005 | Vaults:5 | Reached skill level 21 in Maces & Flails
 58255 | Vaults:5 | Identified the +2 robe "Cafov" {Str+3 Dex+3}
 58289 | Vaults:5 | Got the Disquisition on Conjury
 58325 | Vaults:5 | Acquired 871 gold pieces
 59424 | Depths:4 | Bought a scroll of revelation for 382 gold pieces
 59424 | Depths:4 | Bought a scroll of fear for 204 gold pieces
 59847 | D:4      | Bought a scroll of fog for 44 gold pieces
 59847 | D:4      | Bought a scroll of fear for 44 gold pieces
 59847 | D:4      | Bought a scroll of revelation for 82 gold pieces
 59847 | D:4      | Bought a scroll of teleportation for 33 gold pieces
 59847 | D:4      | Bought a scroll of enchant armour for 82 gold pieces
 59984 | Orc:2    | Bought a scroll of enchant armour for 75 gold pieces
 59984 | Orc:2    | Bought a scroll of vulnerability for 40 gold pieces
 60139 | Orc:1    | Found a roughly hewn altar of Beogh.
 60463 | Vaults:2 | Bought a scroll of teleportation for 51 gold pieces
 60463 | Vaults:2 | Bought a scroll of enchant armour for 127 gold pieces
 60463 | Vaults:2 | Bought a scroll of teleportation for 51 gold pieces
 60463 | Vaults:2 | Bought a scroll of silence for 161 gold pieces
 60767 | Zot:1    | Entered Level 1 of the Realm of Zot
 60779 | Zot:1    | Reached skill level 23 in Fighting
 60819 | Zot:2    | Noticed a curse toe
 60832 | Zot:2    | Killed a curse toe
 60994 | Zot:2    | Reached XP level 24. HP: 235/235 MP: 35/35
 61001 | Zot:2    | Found the +4 dragonskin cloak
 61001 | Zot:2    | Noticed Tiamat
 61223 | Zot:2    | Reached skill level 12 in Throwing
 61887 | Zot:2    | Killed Tiamat
 61888 | Zot:2    | Reached skill level 22 in Maces & Flails
 61990 | Zot:2    | Noticed an electric golem
 62013 | Zot:2    | Killed an electric golem
 64049 | Zot:1    | Reached skill level 13 in Throwing
 64059 | Zot:1    | Reached skill level 24 in Fighting
 64706 | Zot:2    | Learned a level 2 spell: Blink
 64709 | Zot:2    | Learned a level 2 spell: Lesser Beckoning
 64714 | Zot:2    | Learned a level 4 spell: Passage of Golubria
 64718 | Zot:2    | Learned a level 3 spell: Gell's Gravitas
 65298 | Zot:3    | Reached skill level 1 in Translocations
 65361 | Zot:3    | Found a runed translucent door.
 65361 | Zot:3    | Noticed Kinwaexu's ghost (veteran OnBe)
 65424 | Zot:3    | Reached skill level 2 in Translocations
 65529 | Zot:3    | Reached skill level 3 in Translocations
 65556 | Zot:3    | Found a transporter.
 65763 | Zot:3    | Found a transporter.
 67358 | Zot:3    | Reached skill level 4 in Translocations
 68601 | Zot:4    | Reached skill level 5 in Translocations
 68656 | Zot:4    | Identified the +9 mace of the Sandy God {venom, rC- Will+
                  | Str+3}
 68924 | Zot:4    | Reached skill level 6 in Translocations
 68954 | Zot:4    | Noticed an orb of fire
 68957 | Zot:4    | Gained mutation: Your magical capacity is low. (-10% MP)
                  | [an orb of fire]
 68959 | Zot:4    | Gained mutation: You are frail. (-10% HP) [an orb of fire]
 68965 | Zot:4    | Gained mutation: You are resistant to electric shocks.
                  | (rElec) [an orb of fire]
 68974 | Zot:4    | Killed an orb of fire
 69316 | Zot:5    | Entered Level 5 of the Realm of Zot
 69330 | Zot:5    | Reached skill level 7 in Translocations
 69348 | Zot:5    | Reached XP level 25. HP: 191/222 MP: 29/31
 70385 | Zot:5    | Reached skill level 25 in Fighting
 70491 | Zot:5    | Noticed an ancient lich
 70654 | Zot:5    | Killed an ancient lich
 71285 | Zot:5    | Noticed a curse toe
 71304 | Zot:5    | Killed a curse toe
 72212 | Zot:5    | Gained mutation: Your body sometimes deteriorates upon
                  | taking damage. [mutagenic glow]
 72219 | Zot:5    | Gained mutation: Your spells are a little easier to cast,
                  | but a little less powerful. [a shining eye]
 72222 | Zot:5    | Gained mutation: Your magical capacity is very low. (-20%
                  | MP) [a shining eye]
 72242 | Zot:5    | Gained mutation: Armour fits poorly on your strangely
                  | shaped body. [mutagenic glow]
 72278 | Zot:5    | Lost mutation: Armour fits poorly on your strangely shaped
                  | body. [potion of mutation]
 72278 | Zot:5    | Lost mutation: Your magical capacity is very low. (-20% MP)
                  | [potion of mutation]
 72278 | Zot:5    | Gained mutation: You passively dampen the noise of your
                  | surroundings. [potion of mutation]
 73238 | Zot:5    | Noticed a curse toe
 73333 | Zot:5    | Killed a curse toe
 74637 | Zot:5    | Reached skill level 26 in Fighting
 74658 | Zot:5    | Noticed an electric golem
 74658 | Zot:5    | Noticed a Killer Klown
 74666 | Zot:5    | Killed an electric golem
 74697 | Zot:5    | Noticed a curse toe
 74697 | Zot:5    | Noticed a dread lich
 74708 | Zot:5    | Noticed an ancient lich
 74712 | Zot:5    | Noticed a dread lich
 74725 | Zot:5    | Noticed an orb of fire
 74735 | Zot:5    | Gained mutation: You are clumsy. (Dex -2) [an orb of fire]
 74740 | Zot:5    | Gained mutation: You are very frail. (-20% HP) [an orb of
                  | fire]
 74742 | Zot:5    | Killed an orb of fire
 74746 | Zot:5    | Killed a dread lich
 74821 | Zot:5    | Killed an ancient lich
 74835 | Zot:5    | Killed a dread lich
 74870 | Zot:5    | Killed a Killer Klown
 74873 | Zot:5    | Reached skill level 27 in Fighting
 74883 | Zot:5    | Lost mutation: Your magical capacity is low. (-10% MP)
                  | [potion of mutation]
 74883 | Zot:5    | Lost mutation: Your body sometimes deteriorates upon taking
                  | damage. [potion of mutation]
 74883 | Zot:5    | Lost mutation: You passively dampen the noise of your
                  | surroundings. [potion of mutation]
 74883 | Zot:5    | Lost mutation: You are clumsy. (Dex -2) [potion of
                  | mutation]
 74883 | Zot:5    | Gained mutation: You are partially covered in iridescent
                  | scales. (AC +2) [potion of mutation]
 74884 | Zot:5    | Lost mutation: You are partially covered in iridescent
                  | scales. (AC +2) [potion of mutation]
 74884 | Zot:5    | Lost mutation: You are resistant to electric shocks.
                  | (rElec) [potion of mutation]
 74884 | Zot:5    | Lost mutation: You are very frail. (-20% HP) [potion of
                  | mutation]
 74884 | Zot:5    | Gained mutation: You occasionally lose the ability to drink
                  | potions when taking damage. [potion of mutation]
 74884 | Zot:5    | Gained mutation: You have a pair of small horns on your
                  | head. [potion of mutation]
 74885 | Zot:5    | Lost mutation: You are frail. (-10% HP) [potion of
                  | mutation]
 74885 | Zot:5    | Lost mutation: Your spells are a little easier to cast, but
                  | a little less powerful. [potion of mutation]
 74885 | Zot:5    | Lost mutation: You occasionally lose the ability to drink
                  | potions when taking damage. [potion of mutation]
 74885 | Zot:5    | Gained mutation: Your muscles are strong. (Str +4, Int/Dex
                  | -1) [potion of mutation]
 75314 | Zot:5    | Noticed a Killer Klown
 75315 | Zot:5    | Noticed an orb of fire
 75423 | Zot:5    | Killed a Killer Klown
 75429 | Zot:5    | Noticed a dread lich
 75432 | Zot:5    | Noticed an ancient lich
 75435 | Zot:5    | Killed a dread lich
 75436 | Zot:5    | Reached skill level 21 in Armour
 75451 | Zot:5    | Killed an ancient lich
 75556 | Zot:5    | Gained mutation: Your spells are a little harder to cast,
                  | but a little more powerful. [an orb of fire]
 75560 | Zot:5    | Gained mutation: Your body sometimes deteriorates upon
                  | taking damage. [an orb of fire]
 75566 | Zot:5    | Killed an orb of fire
 75622 | Zot:5    | Noticed an orb of fire
 75624 | Zot:5    | Gained mutation: You are clumsy. (Dex -2) [an orb of fire]
 75627 | Zot:5    | Valrug: oof
 75627 | Zot:5    | Valrug: that orb of fire 🔥 was tough
 75630 | Zot:5    | Gained mutation: Your magical capacity is low. (-10% MP)
                  | [an orb of fire]
 75647 | Zot:5    | Killed an orb of fire
 75825 | Zot:5    | Noticed an electric golem
 75848 | Zot:5    | Killed an electric golem
 76924 | Zot:5    | Valrug: sweet. cleared it
 77009 | Zot:5    | Killed a curse toe
 77011 | Zot:5    | Valrug: owwwwwwww
 77917 | Zot:5    | Got the Orb of Zot
 77960 | Zot:5    | Valrug: neat idea to walk into the teleport traps 🪤 hadn't
                  | thought of that
 77971 | Zot:4    | Ruich: yeah it usually works out faster
 77971 | Zot:4    | Ruich: tp scroll doesnt really work anymore
 77971 | Zot:4    | Valrug: because of the 'Orb' debuff?
 77972 | Zot:4    | Ruich: yeah
 78033 | Zot:1    | Valrug: seems like you will make it out 🙌
 78082 | Depths:4 | Noticed Cuxess the pandemonium lord
 78082 | Depths:4 | Valrug: what the
 78082 | Depths:4 | Ruich: why you said that XD
 78082 | Depths:4 | Valrug: LOL what are those things
 78082 | Depths:4 | Ruich: that sir is a pan lord
 78082 | Depths:4 | Ruich: you will meet them soon
 78082 | Depths:4 | Ruich: lol
 78082 | Depths:4 | Ruich: the other thing is just a generic tormenter type
                  | creature
 78082 | Depths:4 | Valrug: 5 ticks of EV and Willpower?
 78082 | Depths:4 | Valrug: 😱
 78082 | Depths:4 | Ruich: they have random spells so some are pushover, some
                  | really dangerous
 78101 | Depths:3 | Valrug: nice
 78104 | Depths:3 | Valrug: whew
 78297 | D:12     | Valrug: 🛡️🗡️💨
 78441 | D:7      | Ruich: executioners are kinda scary too
 78441 | D:7      | Valrug: 200% speed wow
 78441 | D:7      | Valrug: and haste??
 78441 | D:7      | Ruich: they hit really hard
 78520 | D:3      | Valrug: 🥳
 78539 | D:3      | Valrug: 🪩
 78614 | D:1      | Valrug: yeaaaaaaaa
 78614 | D:1      | Valrug: congrats!
 78614 | D:1      | Ruich: yeah!
 78614 | D:1      | Ruich: one more off the list
 78614 | D:1      | Valrug: 🎉🎉🎉🎉🎉🎉🎉🎉🎉🎉🎉🎉
 78614 | D:1      | Valrug: 🎉🎉🎉🎉🎉🎉
 78615 | D:$      | Escaped with the Orb!

Vanquished Creatures
  3 dread liches (Zot:5)
  Tiamat (Zot:2)
  4 orbs of fire
  3 ancient liches (Zot:5)
  Mennas (Vaults:5)
  3 juggernauts
  A Killer Klown (Zot:5)
  3 curse toes (Zot:5)
  10 golden dragons
  Arachne (Spider:3)
  The ghost of Zissick the Minotaur Blade, an adept MiBr of Okawaru (Vaults:2)
  A Brimstone Fiend (D:13)
  2 electric golems
  4 tentacled monstrosities
  21 Orb Guardians
  4 quicksilver dragons
  4 liches
  3 deep elf blademasters
  4 titans (Vaults:5)
  2 deep elf master archers (Elf:3)
  2 Executioners
  Gastronok (Lair:2)
  4 sphinxes
  9 death cobs
  13 storm dragons
  6 tengu reavers
  8 shadow dragons
  A revenant (Vaults:2)
  2 draconian knights
  6 protean progenitors
  3 draconian monks
  A deep elf sorcerer (Vaults:2)
  3 draconian shifters
  17 fire giants
  3 iron dragons
  3 emperor scorpions
  12 frost giants
  2 deep elf elementalists (Elf:3)
  3 balrugs (Zot:2)
  6 vault wardens
  7 draconian scorchers
  A curse skull (Vaults:2)
  5 draconian stormcallers
  5 draconian annihilators
  15 ironbound preservers
  4 ghost moths
  3 formless jellyfish
  A juggernaut skeleton (Depths:2)
  11 very ugly things
  2 orc warlords
  An angel (Shoals:4)
  2 quicksilver oozes (Zot:5)
  A spriggan defender (Depths:3)
  A vampire knight (Depths:4)
  6 ironbound thunderhulks
  6 deep elf demonologists
  13 stone giants
  6 green draconians
  4 war gargoyles (Vaults:5)
  6 black draconians
  9 purple draconians
  7 white draconians
  A pale draconian (Depths:4)
  6 deep elf annihilators
  5 deep elf death magi
  A minotaur (Gauntlet)
  5 red draconians
  10 spark wasps
  8 yellow draconians
  Azrael (D:13)
  A dire elephant (Vaults:3)
  9 ettins
  4 merfolk javelineers (Shoals:4)
  12 fire dragons
  A crystal guardian (Vaults:3)
  5 merfolk impalers (Shoals:4)
  A jiangshi (Vaults:2)
  Josephine (D:15)
  5 deep elf high priests
  4 hydras
  4 rakshasas
  16 yaktaur captains
  An entropy weaver (D:13)
  A hell beast (Depths:3)
  29 vault guards
  7 great orbs of eyes
  2 ogre magi
  10 centaur warriors
  A spriggan air mage (Depths:1)
  6 ice dragons
  7 boulder beetles
  5 ironbound frosthearts
  2 Orb Guardian zombies (Zot:5)
  A two-headed ogre (shapeshifter) (Vaults:2)
  2 peacekeepers
  2 catoblepae
  4 tengu warriors
  An anaconda (D:12)
  28 dancing weapons
  7 deep troll shamans
  3 merfolk aquamancers (Shoals:4)
  12 two-headed ogres
  4 demonic crawlers
  A vampire mage (Depths:3)
  2 occultists
  5 deep troll earth magi
  13 deep elf knights
  Nergalle (Lair:1)
  2 soul eaters
  A death yak (Lair:3)
  2 spriggan berserkers
  4 hell knights (Depths:1)
  A sun demon (Shoals:3)
  4 iron trolls
  A titan skeleton (Depths:1)
  5 skysharks
  A golden dragon zombie (Depths:2)
  2 cherubim (Shoals:4)
  3 glowing orange brains
  A flayed ghost (Vaults:5)
  5 sixfirhies
  2 orb spiders (Spider:1)
  A mana viper (shapeshifter) (Vaults:2)
  8 spectral humans (Vaults:5)
  28 deep trolls
  4 arcanists
  8 sea snakes
  A sun moth (shapeshifter) (D:15)
  6 deep elf archers
  8 ironbound convokers
  5 phantasmal warriors (Vaults:5)
  Pikel (D:4)
  5 orc knights
  11 harpies
  9 lindwurms
  8 wolf spiders
  15 deep elf zephyrmancers
  A steelbarb worm (Spider:3)
  20 ugly things
  19 deep elf pyromancers
  5 necromancers
  3 orc sorcerers (Orc:2)
  A shining eye (Zot:5)
  3 cyclopes
  26 moths of wrath
  8 manticores
  5 elephants (Lair:5)
  2 meliai (Spider:4)
  A black mamba (shapeshifter) (D:14)
  4 black mambas
  2 kobold blastminers (Orc:2)
  23 vault sentinels
  A worldbinder (Gauntlet)
  A guardian serpent (shapeshifter) (Vaults:2)
  An elephant (shapeshifter) (Vaults:5)
  8 water nymphs
  A molten gargoyle (Gauntlet)
  3 torpor snails
  2 merfolk sirens
  A gargoyle (D:8)
  A kobold demonologist (D:9)
  A centaur skeleton (D:15)
  26 cane toads
  A cane toad (shapeshifter) (D:14)
  An unseen horror (D:10)
  Jeremiah (D:6)
  8 rime drakes
  5 komodo dragons
  11 yaktaurs
  2 spriggan skeletons (Depths:1)
  2 tengu conjurers
  An efreet (D:15)
  A polar bear (shapeshifter) (Vaults:5)
  A polar bear (Lair:4)
  12 tarantellas
  3 tyrant leeches (Lair:5)
  11 merfolk
  A queen bee (Gauntlet)
  6 trolls
  5 blink frogs
  A raiju (shapeshifter) (Elf:1)
  Grinder (D:4)
  2 hornets
  7 dream sheep
  2 glass eyes
  3 culicivoras (Spider:4)
  An air elemental (Elf:3)
  A snapping turtle (Shoals:1)
  A frost giant simulacrum (Depths:2)
  4 jumping spiders
  Sigmund (D:2)
  A centaur simulacrum (D:13)
  A spriggan (shapeshifter) (D:14)
  14 slime creatures
  A ynoxinul (Depths:2)
  6 spriggans (Lair:2)
  2 water elementals
  6 wyverns
  3 wraiths
  4 shadows
  43 yaks
  6 steam dragons
  2 fire elementals
  A warg (Orc:2)
  8 redbacks
  A yak (shapeshifter) (Vaults:5)
  A redback (shapeshifter) (Vaults:2)
  10 vampire mosquitoes
  Menkaure (D:6)
  15 water moccasins
  4 acid dragons
  A glowing shapeshifter skeleton (Depths:1)
  21 orc warriors
  3 hell hounds (D:13)
  An ice beast (D:13)
  3 black bears
  8 ogres
  The ghost of soul19 the Changeling, an amateur DsSh (D:3)
  A boggart (Gauntlet)
  17 wolves
  4 lemures
  9 centaurs
  A weeping skull (Ossuary)
  2 kobold brigands (D:8)
  3 elf zombies
  21 bullfrogs
  2 gnoll sergeants (D:9)
  An earth elemental (Elf:3)
  4 scorpions
  13 wights
  4 killer bees
  3 electric eels (Lair:4)
  3 howler monkeys (D:9)
  A crimson imp (D:10)
  4 centaur zombies (Ossuary)
  4 jellies
  11 orc priests
  Crazy Yiuf (D:4)
  A hound (D:6)
  2 human zombies (Ossuary)
  2 gnoll boudas (D:8)
  A sleepcap (D:5)
  An iguana (D:7)
  Natasha (thrice) (D:4)
  19 orc wizards
  A hell rat (Lair:3)
  A killer bee zombie (Ossuary)
  A crocodile zombie (Ossuary)
  3 mummies (Ossuary)
  A hound zombie (Ossuary)
  2 boggart simulacra (D:15)
  7 gnolls
  4 adders
  2 shadow imps (D:7)
  2 white imps (D:6)
  3 adder zombies (Ossuary)
  3 dart slugs
  3 ribbon worms
  58 orcs
  6 ball pythons
  8 endoplasms
  2 giant cockroaches (D:2)
  7 goblins
  6 hobgoblins
  3 jackals (D:1)
  2 quokkas
  4 ball python zombies (Ossuary)
  2 bats
  7 frilled lizards
  2 gnoll zombies (Ossuary)
  5 jackal zombies (Ossuary)
  5 kobolds
  3 kobold zombies (Ossuary)
  2 orc zombies (Ossuary)
  9 rats
  2 aspiring fleshes
1443 creatures vanquished.

Vanquished Creatures (collateral kills)
  2 juggernauts
  A Killer Klown (Zot:5)
  A curse toe (Zot:2)
  Nikola (Shoals:1)
  2 golden dragons
  An electric golem (Zot:5)
  4 tentacled monstrosities
  A quicksilver dragon (Vaults:5)
  8 Orb Guardians (Zot:5)
  A lich (Depths:3)
  3 sphinxes
  2 krakens (Shoals:3)
  4 death cobs
  An Executioner (Zot:2)
  The ghost of Onluw the Peltast, an adept DsWn of Cheibriados (Shoals:1)
  A tengu reaver (Depths:3)
  Roxanne (D:15)
  2 storm dragons
  Ilsuiw (Shoals:2)
  A shadow dragon (Zot:1)
  A draconian monk (Zot:1)
  4 fire giants
  A ghost moth (Spider:2)
  3 emperor scorpions
  2 balrugs (Zot:2)
  A draconian annihilator (Zot:2)
  2 draconian scorchers
  A formless jellyfish (Vaults:3)
  A draconian stormcaller (Zot:5)
  5 stone giants
  3 ironbound preservers
  4 very ugly things
  2 broodmothers
  A green draconian (Zot:2)
  A vampire knight (Depths:3)
  An ironbound thunderhulk (Vaults:3)
  3 black draconians
  2 deep elf death magi
  An apis (Shoals:4)
  A pale draconian (Depths:4)
  6 yellow draconians
  A red draconian (Zot:5)
  A purple draconian (Zot:1)
  5 spark wasps
  A war gargoyle (Vaults:1)
  4 deep elf annihilators
  3 ettins
  A green death (Depths:3)
  2 merfolk javelineers
  7 merfolk impalers
  4 fire dragons
  6 blizzard demons (Zot:2)
  2 deep elf high priests (Vaults:2)
  2 yaktaur captains (Vaults:3)
  2 great orbs of eyes (Zot:2)
  2 entropy weavers
  3 merfolk avatars
  A spriggan air mage (Depths:3)
  6 vault guards
  3 hydras
  3 rakshasas
  4 ironbound frosthearts
  A jorogumo (Spider:3)
  6 ice dragons
  2 ogre magi
  2 sphinx zombies (Depths:1)
  4 catoblepae
  4 centaur warriors
  3 alligator snapping turtles
  4 boulder beetles
  4 merfolk aquamancers
  A radroach (Spider:1)
  3 dancing weapons
  9 two-headed ogres (D:15)
  A deep troll earth mage (Depths:3)
  A deep troll shaman (Depths:4)
  2 death yaks
  A tengu warrior (Depths:1)
  2 death scarabs (Spider:4)
  A demonic crawler (Spider:3)
  A soul eater (Depths:3)
  A hell knight (Depths:3)
  A titan zombie (Depths:1)
  3 sun demons (Shoals:3)
  2 deep elf knights
  2 iron trolls
  7 skysharks
  2 cherubim (Shoals:4)
  A pharaoh ant (Spider:4)
  An arcanist (Vaults:4)
  3 sun moths
  11 sea snakes
  A spriggan simulacrum (Depths:1)
  3 orb spiders
  2 deep elf archers
  13 deep trolls
  2 phantasmal warriors (Vaults:5)
  An obsidian statue (Shoals:1)
  2 ironbound convokers
  A large abomination (D:7)
  6 orc knights
  7 wolf spiders
  15 harpies
  2 steelbarb worms
  4 deep elf zephyrmancers
  A lindwurm (Vaults:2)
  5 deep elf pyromancers
  2 necromancers
  16 ugly things
  12 manticores
  A shining eye (Zot:5)
  A fire giant zombie (Depths:1)
  A stone giant skeleton (Depths:1)
  4 cyclopes
  7 merfolk sirens
  6 meliai
  9 slime creatures
  3 black mambas
  3 moths of wrath
  A kobold blastminer (Orc:1)
  9 cane toads
  A centaur zombie (D:15)
  2 vault sentinels
  7 water nymphs
  A water nymph (shapeshifter) (Vaults:5)
  A molten gargoyle (Gauntlet)
  A torpor snail (Spider:4)
  A gargoyle (Gauntlet)
  A freezing wraith (D:15)
  3 rime drakes
  5 yaktaurs
  3 komodo dragons
  A troll (Orc:1)
  3 wind drakes
  23 merfolk
  A wolf spider simulacrum (D:15)
  A polar bear (Lair:3)
  A fire dragon zombie (Depths:2)
  2 hornets (Zot:3)
  10 tarantellas
  7 blink frogs (Lair:5)
  A human zombie (Vaults:1)
  8 snapping turtles
  7 dream sheep
  A blink frog (shapeshifter) (D:15)
  A glass eye (Zot:2)
  12 jumping spiders
  2 centaur simulacra (D:13)
  13 culicivoras
  4 spriggans (Lair:2)
  4 wraiths (D:15)
  2 vampires
  20 yaks
  7 water elementals
  A basilisk (Lair:1)
  A fire elemental (D:13)
  2 steam dragons
  25 redbacks
  A warg (D:11)
  5 vampire mosquitoes
  4 water moccasins
  10 orc warriors
  2 black bears
  10 wolves
  2 boggarts (Gauntlet)
  3 ogres
  A centaur (D:7)
  A yaktaur zombie (Vaults:1)
  8 bullfrogs
  3 wights
  3 killer bees (Lair:3)
  A howler monkey (D:13)
  3 electric eels
  5 orc priests
  An iguana (D:7)
  6 orc wizards
  A boggart skeleton (D:15)
  5 gnolls
  A white imp (D:8)
  An ufetubus (D:13)
  17 orcs
  2 tentacles (Shoals:3)
656 creatures vanquished.

Vanquished Creatures (others)
  A tentacled monstrosity (Zot:1)
  A draconian knight (Zot:5)
  A draconian shifter (Zot:1)
  3 juggernaut zombies
  4 spectral tentacled monstrosities
  A draconian stormcaller (Zot:1)
  A spectral angel (Vaults:5)
  A Killer Klown zombie (Zot:5)
  A spectral titan (Vaults:5)
  2 very ugly thing zombies (Depths:2)
  3 quicksilver dragon zombies
  An ettin (Depths:1)
  A spectral Brimstone Fiend (D:13)
  A spectral spriggan (Shoals:4)
  2 deep elf high priests
  10 Orb Guardian zombies (Zot:5)
  A sphinx zombie (Depths:4)
  A two-headed ogre (D:11)
  2 spectral
  Executioners (Zot:2)
  3 spectral protean progenitors
  5 spectral balrugs (Zot:2)
  A spectral sixfirhy (Gauntlet)
  4 storm dragon zombies
  2 quicksilver ooze zombies (Zot:5)
  2 emperor scorpion zombies (Spider:4)
  6 spark wasp zombies
  4 golden dragon zombies
  2 shadow dragon zombies
  2 spectral humans (Vaults:5)
  7 wolf spider zombies (Spider:4)
  8 fire giant zombies
  An orc sorcerer (D:15)
  4 frost giant zombies
  13 ugly thing zombies
  A broodmother zombie (Spider:4)
  4 stone giant zombies
  2 spectral blizzard demons (Zot:2)
  12 draconian zombies
  2 spectral orcs
  A mana viper zombie (Vaults:2)
  A spectral octopode (D:11)
  A formless jellyfish zombie (Vaults:2)
  2 spectral rakshasas
  2 white draconian zombies
  3 green draconian zombies
  2 purple draconian zombies
  7 yaktaur zombies
  A black draconian zombie (Zot:1)
  5 yellow draconian zombies
  3 sea snake zombies
  3 redback zombies (Spider:4)
  An iron troll zombie (Depths:4)
  2 death yak zombies (Lair:3)
  An orb spider zombie (Spider:4)
  3 red draconian zombies
  2 hydra zombies
  A great orb of eyes zombie (Zot:2)
  8 harpy zombies
  13 moth of wrath zombies
  2 trolls (D:11)
  4 culicivora zombies (Spider:4)
  3 demonic crawler zombies
  A guardian serpent zombie (Vaults:2)
  A jumping spider zombie (Spider:4)
  2 spriggan zombies
  7 fire dragon zombies
  4 ice dragon zombies
  5 tarantella zombies
  3 ettin zombies
  A spectral cherub (Shoals:4)
  2 meliai zombies (Spider:4)
  A boulder beetle zombie (Vaults:2)
  2 black mamba zombies (Lair:3)
  12 slime creature zombies
  16 merfolk zombies
  9 two-headed ogre zombies
  A water nymph zombie (Zot:2)
  4 skyshark zombies
  An entropy weaver zombie (Spider:4)
  24 deep troll zombies
  42 human zombies
  7 cane toad zombies
  A hornet zombie (Zot:3)
  4 manticore zombies
  2 snapping turtle zombies (Shoals:4)
  5 dream sheep zombies
  An elephant zombie (Vaults:5)
  2 lindwurm zombies (Vaults:2)
  24 elf zombies
  4 blink frog zombies (Lair:5)
  A rime drake zombie (Lair:3)
  A centaur (D:7)
  A komodo dragon zombie (Lair:3)
  A wyvern zombie (Lair:3)
  2 cyclops zombies
  7 water moccasin zombies
  2 troll zombies
  9 yak zombies
  7 tengu zombies
  A howler monkey (D:8)
  5 wolf zombies
  8 bullfrog zombies
  2 centaur zombies
  An orc wizard (D:8)
  A scorpion zombie (D:7)
  2 killer bee zombies (Lair:3)
  2 kobold zombies (D:8)
  5 ogre zombies
  A howler monkey zombie (D:8)
  A steam dragon zombie (Depths:4)
  An orc (D:6)
  6 gnoll zombies
  45 orc zombies
  A rat zombie (D:5)
  15 tentacles (Shoals:3)
510 creatures vanquished.

Grand Total: 2609 creatures vanquished

Table legend: (Time is in decaauts)
 A = Elapsed time spent in this place.
 B = Non-inter-level travel time spent in this place.
 C = Inter-level travel time spent in this place.
 D = Time resting spent in this place.
 E = Time spent auto-exploring this place.
 F = Levels seen in this place.
 G = Mean time per level.
                   A        B        C        D        E       F      G
               +--------+--------+--------+--------+--------+-----+--------+
         Total |  76464 |  69537 |   6927 |  20743 |  27716 |  51 | 1499.3 |
       Dungeon |  19956 |  15972 |   3984 |   3101 |   8593 |  15 | 1330.4 |
        Temple |    194 |    183 |     11 |     82 |      0 |   1 |  194.0 |
          Lair |   6883 |   6323 |    560 |    728 |   3896 |   5 | 1376.6 |
        Shoals |   3835 |   3684 |    151 |    386 |   1938 |   4 |  958.8 |
   Spider Nest |   4419 |   4213 |    206 |    812 |   2161 |   4 | 1104.8 |
  Orcish Mines |   1780 |   1574 |    206 |    402 |    759 |   2 |  890.0 |
   Elven Halls |   4580 |   4422 |    158 |   1293 |   1934 |   3 | 1526.7 |
        Vaults |   9598 |   9081 |    517 |   2077 |   3984 |   5 | 1919.6 |
        Depths |   7113 |   6368 |    745 |   2077 |   2158 |   4 | 1778.2 |
           Zot |  16954 |  16569 |    385 |   9679 |   2175 |   5 | 3390.8 |
         Trove |    101 |    101 |      0 |      0 |      0 |   1 |  101.0 |
       Ossuary |    555 |    555 |      0 |    105 |    117 |   1 |  555.0 |
      Gauntlet |    491 |    491 |      0 |      0 |      0 |   1 |  491.0 |
               +--------+--------+--------+--------+--------+-----+--------+

Top non-repeatable levels by time:
   Zot:5: 8488 daAuts
   Zot:3: 3592 daAuts
  Lair:3: 2546 daAuts
Vaults:2: 2524 daAuts
   Elf:3: 2491 daAuts
Depths:2: 2408 daAuts
   Zot:1: 2168 daAuts
Depths:1: 2146 daAuts
     D:9: 1930 daAuts
    D:15: 1922 daAuts
Vaults:1: 1853 daAuts
Vaults:5: 1839 daAuts
Vaults:4: 1780 daAuts
     D:4: 1747 daAuts
Spider:4: 1642 daAuts

Table legend:
 A = Non-vault XP
 B = Vault XP
 C = Vault XP percentage of total XP
 D = Non-vault monster count
 E = Vault monster count
 F = Vault count percentage of total count
                 A         B        C        D         E       F
            +---------+---------+-------+---------+---------+-------
      Total |  644864 |  655441 |  50.4 |    1167 |     916 |  44.0
            +---------+---------+-------+---------+---------+-------
        D:1 |      73 |       0 |   0.0 |      26 |       0 |   0.0
        D:2 |      31 |     232 |  88.2 |       7 |       1 |  12.5
        D:3 |      88 |     126 |  58.9 |      18 |       6 |  25.0
        D:4 |    1052 |    1000 |  48.7 |      23 |       4 |  14.8
        D:5 |    1079 |      18 |   1.6 |      15 |       5 |  25.0
        D:6 |     693 |     548 |  44.2 |      17 |       2 |  10.5
        D:7 |    1561 |     545 |  25.9 |      30 |       6 |  16.7
        D:8 |    4375 |    4179 |  48.9 |      35 |      19 |  35.2
        D:9 |    2159 |    1407 |  39.5 |      24 |      39 |  61.9
       D:10 |    2917 |      51 |   1.7 |      17 |       1 |   5.6
       D:11 |    5589 |    2049 |  26.8 |      13 |      16 |  55.2
       D:12 |    5654 |    5571 |  49.6 |      21 |      11 |  34.4
       D:13 |    2585 |    5924 |  69.6 |       7 |      19 |  73.1
       D:14 |   13675 |       0 |   0.0 |      23 |       0 |   0.0
       D:15 |   14357 |    8337 |  36.7 |      26 |      17 |  39.5
     Lair:1 |    4335 |     784 |  15.3 |      21 |       1 |   4.5
     Lair:2 |    3411 |    7005 |  67.3 |      12 |      21 |  63.6
     Lair:3 |    4016 |   19696 |  83.1 |      14 |      64 |  82.1
     Lair:4 |    4633 |     525 |  10.2 |      22 |       2 |   8.3
     Lair:5 |    9565 |   13954 |  59.3 |      36 |      46 |  56.1
   Shoals:1 |   22377 |    7565 |  25.3 |      38 |       9 |  19.1
   Shoals:2 |    5628 |    7106 |  55.8 |      11 |      12 |  52.2
   Shoals:3 |   19461 |    4466 |  18.7 |      34 |       6 |  15.0
   Shoals:4 |   16697 |   27654 |  62.4 |      36 |      39 |  52.0
   Spider:1 |    6427 |    3960 |  38.1 |      15 |       9 |  37.5
   Spider:2 |    9368 |       0 |   0.0 |      22 |       0 |   0.0
   Spider:3 |   13622 |    2207 |  13.9 |      35 |       1 |   2.8
   Spider:4 |   17676 |   17226 |  49.4 |      32 |      35 |  52.2
      Orc:1 |    1985 |       0 |   0.0 |      21 |       0 |   0.0
      Orc:2 |    1938 |    8312 |  81.1 |       9 |      23 |  71.9
      Elf:1 |   15412 |    7133 |  31.6 |      23 |      12 |  34.3
      Elf:2 |    9566 |   31499 |  76.7 |      14 |      42 |  75.0
      Elf:3 |   13150 |   26269 |  66.6 |      21 |      24 |  53.3
   Vaults:1 |   36357 |    9920 |  21.4 |      51 |      15 |  22.7
   Vaults:2 |   18159 |   52395 |  74.3 |      32 |      58 |  64.4
   Vaults:3 |   16644 |   20190 |  54.8 |      21 |      27 |  56.2
   Vaults:4 |   23373 |    4036 |  14.7 |      35 |       6 |  14.6
   Vaults:5 |   17720 |   97132 |  84.6 |      32 |      91 |  74.0
   Depths:1 |   22460 |   28228 |  55.7 |      33 |      24 |  42.1
   Depths:2 |   36287 |   30762 |  45.9 |      42 |      22 |  34.4
   Depths:3 |   18547 |   23882 |  56.3 |      17 |      22 |  56.4
   Depths:4 |   39001 |   17012 |  30.4 |      34 |      20 |  37.0
      Zot:1 |   44779 |    2513 |   5.3 |      41 |       3 |   6.8
      Zot:2 |   27588 |   39910 |  59.1 |      26 |      33 |  55.9
      Zot:3 |   16559 |    4276 |  20.5 |      13 |      11 |  45.8
      Zot:4 |   29206 |       0 |   0.0 |      20 |       0 |   0.0
      Zot:5 |   63029 |  100308 |  61.4 |      52 |      40 |  43.5
    Ossuary |       0 |     664 | 100.0 |       0 |      33 | 100.0
   Gauntlet |       0 |    8865 | 100.0 |       0 |      19 | 100.0
            +---------+---------+-------+---------+---------+-------
